 Dungeon Crawl Stone Soup version 0.31.0-12-g77e489cdc1 (webtiles) character file.

Game seed: 4283897310154485976

41 spaghetti the Slasher (level 3, -2/34 HPs)
             Began as a Naga Chaos Knight on Feb 21, 2024.
             Was a Plaything of Xom.
             Slain by a gnoll
             ... wielding a +0 flail
              (5 damage)
             ... on level 2 of the Dungeon.
             The game lasted 00:00:59 (892 turns).

spaghetti the Slasher (Naga Chaos Knight)            Turns: 892, Time: 00:01:00

Health: -2/34      AC:  4    Str: 14    XL:     3   Next: 52%
Magic:  3/3        EV:  9    Int: 12    God:    Xom [..*...]
Gold:   61         SH:  0    Dex: 12    Spells: 2/2 levels left

rFire   . . .        a - +0 falchion (chaos)
rCold   . . .        (no shield)
rNeg    . . .        b - +2 leather armour
rPois   +            (no helmet)
rElec   .            (no cloak)
rCorr   .            (no gloves)
SInv    +            (no barding)
Will    .....        (no amulet)
Stlth   +            (no ring)
HPRegen 0.25/turn    (no ring)
MPRegen 0.08/turn

%: no passive effects
@: lethally poisoned (-2 -> -3), very slow
A: AC +1, large, see invisible, deformed body, poison resistance, slowness 2,
spit poison 1, naga tail 1
a: Spit Poison, Renounce Religion


You were on level 2 of the Dungeon.
You worshipped Xom.
You were a toy of Xom.
You visited 1 branch of the dungeon, and saw 2 of its levels.

You collected 61 gold pieces.

Inventory:

Hand Weapons
 a - a +0 falchion of chaos (weapon)
Armour
 b - a +2 leather armour (worn)
Scrolls
 c - a scroll of butterflies
 d - a scroll of teleportation {unknown}
 e - a scroll of enchant armour {unknown}


   Skills:
 - Level 3.0 Fighting
 + Level 4.2 Long Blades
 - Level 1.5 Armour
 + Level 1.1 Dodging


You had 2 spell levels left.
You didn't know any spells.
Your spell library was empty.

Dungeon Overview and Level Annotations

Branches:
Dungeon (2/15)

Altars:


Innate Abilities, Weirdness & Mutations

Your serpentine skin is tough. (AC +1)
You have supernaturally acute eyesight. (SInv)
Armour fits poorly on your strangely shaped body.
Your system is resistant to poisons. (rPois)
You cover ground very slowly.
You can spit poison.
You have a snake-like lower body.


Message History

You are too injured to fight recklessly!
You are too injured to fight recklessly!
You are too injured to fight recklessly!
You are too injured to fight recklessly!
You are too injured to fight recklessly!
Unknown command.
You are too injured to fight recklessly!
You are too injured to fight recklessly!
You are too injured to fight recklessly!
You are too injured to fight recklessly!
You are too injured to fight recklessly!
You barely miss the rat.
You have got your breath back.
The gnoll barely misses you.
The gnoll hits you from afar with a +0 spear.
The rat bites you but does no damage. The adder bites you.
You barely miss the rat.
You kill the gnoll!
The adder barely misses you. The gnoll hits you but does no damage.
The rat barely misses you.
It was a potion of heal wounds.
You feel much better.
Xom is mildly amused.
The adder bites you.
You are poisoned.
The adder poisons you!
The gnoll hits you from afar with a +0 spear.
The rat barely misses you. The adder bites you but does no damage.
Unknown command.
You barely miss the rat.
You feel sick.
The gnoll hits you from afar with a +0 spear.
The gnoll hits you from afar with a +0 halberd!
The gnoll hits you with a +0 flail!
* * * LOW HITPOINT WARNING * * *
The rat bites you but does no damage. The adder closely misses you.
Unknown command.
Unknown command.
You feel sick. The adder completely misses you. The gnoll barely misses you.
The gnoll hits you with a +0 flail.
You die...
Xom howls with laughter!

#.# ####### #.# .......
#.# # .......##.#####
...###..............#####.
#...<........#...#.......
#####.g......gr..<.#####
.g.....)gS@.........
.........g....######
#######.#...#.....
#.......#### ####.#### #.#
#.# #..


You could see 3 gnolls, an adder and a rat.

Vanquished Creatures
  A gnoll (D:2)
  3 dart slugs (D:1)
  2 ball pythons (D:1)
  3 endoplasms (D:1)
  A giant cockroach (D:2)
  2 goblins (D:1)
  2 hobgoblins (D:1)
  A quokka (D:1)
  3 bats
  4 frilled lizards (D:1)
  2 kobolds (D:1)
  A rat (D:1)
25 creatures vanquished.

Notes
Turn   | Place    | Note
-------+----------+-------------------------------------------
     0 | D:1      | spaghetti the Naga Chaos Knight began the quest for the
                  | Orb.
     0 | D:1      | Reached XP level 1. HP: 21/21 MP: 1/1
   107 | D:1      | Reached XP level 2. HP: 24/28 MP: 2/2
   142 | D:1      | XOM: silly message
   386 | D:1      | XOM: divination: detect items
   387 | D:1      | Found a faded altar of an unknown god.
   426 | D:1      | Reached skill level 4 in Long Blades
   470 | D:1      | XOM: noise
   552 | D:1      | Reached XP level 3. HP: 34/34 MP: 3/3
   885 | D:2      | Reached skill level 1 in Dodging
   892 | D:2      | Slain by a gnoll

Illustrated notes

Levels and vault maps discovered:
D:1:      psy_arrival_basics, layout_loops_cross,
          shapermc_ecumenical_altar_mp_urbaneastern
D:2:      layout_loops_cross

Skill      XL: |  1  2  3 |
---------------+----------+-----
Long Blades    | 4 |  4.2
Dodging        | 1 |  1.1
Fighting       | |  3.0
Armour         | |  1.5

Action                     || total
---------------------------++-------
  Melee: Falchion          ||    60
Ability: Spit Poison       ||    18
    Use: Potion            ||     1
 Armour: Leather armour    ||    60
  Dodge: Dodged            ||    40
